 Dungeon Crawl Stone Soup version 0.30-a0-339-g89bb51ec76 (webtiles) character file.

Game seed: 1694175324631120364

73 lunkers the Ruffian (level 4, -15/38 HPs)
             Began as a Meteoran Fighter on Oct 31, 2022.
             Demolished by an ogre
             ... wielding a +0 giant club
              (21 damage)
             ... on level 3 of the Dungeon.
             The game lasted 00:02:27 (919 turns).

lunkers the Ruffian (Meteoran Fighter)               Turns: 919, Time: 00:02:27

Health: -15/38     AC: 11    Str: 17    XL:     4   Next: 81%
Magic:  5/5        EV:  9    Int:  8    God:
Gold:   62         SH:  5    Dex: 14    Spells: 3/3 levels left

rFire   . . .      SeeInvis .      - Unarmed
rCold   . . .      Faith    .    b - +0 buckler
rNeg    . . .      Spirit   .    p - +3 scale mail of the Old and Reckless {+Blink rElec Int-3}
rPois   .          Reflect  .    k - +0 helmet
rElec   +          Harm     .    (no cloak)
rCorr   .          Rampage  .    (no gloves)
Will    .....                    (no boots)
Stlth   ..........               (no amulet)
HPRegen 0.26/turn                (no ring)
MPRegen 0.09/turn                (no ring)

@: glowing
A: sense surroundings 1, otherworldly, glowing, explore regen
a: Evoke Blink


You were on level 3 of the Dungeon.
You visited 1 branch of the dungeon, and saw 3 of its levels.

You collected 62 gold pieces.

Inventory:

Armour
 a - a +0 scale mail
 b - a +0 buckler (worn)
 k - a +0 helmet (worn)
 p - the +3 scale mail of the Old and Reckless (worn) {+Blink rElec Int-3}
   (You found it on level 2 of the Dungeon)

   Int:       It affects your intelligence (-3).
   rElec:     It insulates you from electricity.
   +Blink:    It lets you blink.
Scrolls
 d - a scroll of magic mapping {unknown}
 h - a scroll of silence {unknown}
 j - 3 scrolls of butterflies {unknown}
 o - a scroll of blinking {unknown}
 q - a scroll of immolation {unknown}
 s - a scroll of fear {unknown}
 t - a scroll of vulnerability {unknown}
Potions
 c - a potion of might
 e - a potion of attraction
 f - a potion of haste
 g - a potion of mutation {unknown}
 i - a potion of invisibility {unknown}
 l - a potion of heal wounds {unknown}
 m - a potion of berserk rage {unknown}
 n - 2 potions of magic
 r - a potion of curing {unknown}


   Skills:
 - Level 3.2 Fighting
 - Level 3.6 Armour
 - Level 3.6 Shields
 * Level 5.3 Unarmed Combat


You had 3 spell levels left.
You didn't know any spells.
Your spell library contained the following spells:

 Spells                   Type           Power      Damage    Failure   Level
 Magic Dart               Conj           0%         1d3       88%         1
 Searing Ray              Conj           0%         2d4       96%         2
 Fulminant Prism          Conj/Hex       0%         3d5       100%        4


Dungeon Overview and Level Annotations

Branches:
Dungeon (3/15) Zot: 887

Altars:
Xom


Innate Abilities, Weirdness & Mutations

You passively map a small area around you.
You are easily found by Zot.
You glow in the dark.
You regain HP and MP as you explore.


Message History

You kill the endoplasm!
No target in view!
No target in view!
No target in view!
No target in view!
No target in view!
No target in view!
No target in view!
No target in view!
No target in view!
No target in view!
No target in view!
No target in view!
HP restored.
You now have 62 gold pieces (gained 9).
Found a shimmering altar of Xom.
An ogre comes into view. It is wielding a +0 giant club.
The ogre shouts!
The ogre hits you with a +0 giant club!
You hit the ogre.
The ogre is moderately wounded.
The ogre hits you with a +0 giant club!!
Ouch! That really hurt!
* * * LOW HITPOINT WARNING * * *
You hit the ogre but do no damage.
The ogre is moderately wounded.
You hit the ogre.
The ogre is heavily wounded.
The ogre hits you with a +0 giant club.
* * * LOW HITPOINT WARNING * * *
You hit the ogre.
The ogre is heavily wounded.
The ogre hits you but does no damage.
You hit the ogre.
The ogre is severely wounded.
You punch the ogre!
The ogre is almost dead.
The ogre hits you with a +0 giant club!!
Ouch! That really hurt!
You die...

, * * * * * * *
, , , * , * # *
#+#### * #.
...... , . ,
.....#
#.###...... ,,
,* #.#.O.....#*
** #..@≈.8.≈.#
, * ###
###.§...≈.# *
#.### #.≈≈§§§.#
#...# #.≈≈§§§.#
#.#.# #.≈≈§§≈.#
,
#.#.###.≈≈_≈≈.#
#.#.##..≈§≈≈§.#
#.#......≈≈≈..#
#.##.##.......#


You could see an ogre.

Vanquished Creatures
  3 adders (D:2)
  3 dart slugs
  3 bats (D:2)
  5 endoplasms
  4 giant cockroaches
  3 goblins
  4 hobgoblins
  6 kobolds
  A quokka (D:2)
  6 rats
38 creatures vanquished.

Notes
Turn   | Place    | Note
-------+----------+-------------------------------------------
     0 | D:1      | lunkers the Meteoran Fighter began the quest for the Orb.
     0 | D:1      | Reached XP level 1. HP: 19/19 MP: 2/2
    62 | D:1      | Reached skill level 3 in Unarmed Combat
    62 | D:1      | Reached XP level 2. HP: 17/26 MP: 3/3
   311 | D:1      | Reached XP level 3. HP: 31/31 MP: 4/4
   345 | D:2      | Reached skill level 4 in Unarmed Combat
   495 | D:2      | Reached XP level 4. HP: 30/38 MP: 5/5
   515 | D:2      | Reached skill level 5 in Unarmed Combat
   541 | D:2      | Identified the +3 scale mail of the Old and Reckless
                  | {+Blink rElec Int-3}
   903 | D:3      | Found a shimmering altar of Xom.
   910 | D:3      | Noticed an ogre
   919 | D:3      | Demolished by an ogre

Illustrated notes

Levels and vault maps discovered:
D:1:      matt_arrival_spirals, layout_loops_ring, minmay_misc_feat_more_columns
D:2:      layout_loops_cross, minmay_joined_circles
D:3:      layout_rooms, mainiacjoe_overflow_tiny_flanked,
          nicolae_dithmenos_shadow_blocks, mainiacjoe_overflow_catwalk,
          nicolae_overflow_hidden_temple, serial_shops,
          nicolae_shop_behind_doors, minmay_misc_feat_room,
          minmay_quadrilaterals

Skill      XL: |  1  2  3  4 |
---------------+-------------+-----
Unarmed Combat | 3 4 5 |  5.3
Fighting       | |  3.2
Armour         | |  3.6
Shields        | |  3.6

Action                   |  1- 3 |  4- 6 || total
-------------------------+-------+-------++-------
Melee: Unarmed           |   101 |    53 ||   154
  Use: Scroll            |       |     3 ||     3
Armor: Scale mail        |    63 |    16 ||    79
Dodge: Dodged            |    44 |    12 ||    56
Block: Buckler           |    26 |     5 ||    31

Table legend: (Time is in decaauts)
 A = Elapsed time spent in this place.
 B = Non-inter-level travel time spent in this place.
 C = Inter-level travel time spent in this place.
 D = Time resting spent in this place.
 E = Time spent auto-exploring this place.
 F = Levels seen in this place.
 G = Mean time per level.
                   A        B        C        D        E       F      G
               +--------+--------+--------+--------+--------+-----+--------+
         Total |    911 |    861 |     50 |    100 |    405 |   3 |  303.7 |
       Dungeon |    911 |    861 |     50 |    100 |    405 |   3 |  303.7 |
               +--------+--------+--------+--------+--------+-----+--------+

Top non-repeatable levels by time:
     D:2: 525 daAuts
     D:1: 325 daAuts
     D:3: 60 daAuts
